 Dungeon Crawl Stone Soup version 0.32-a0-128-g77eb882913 (webtiles) character file.

Game seed: 11699444964805012156

89 zeratav the Sneak (level 4, -5/29 HPs)
             Began as an Octopode Shapeshifter on Feb 8, 2024.
             Slain by a gnoll
             ... wielding a +0 spear
              (9 damage)
             ... on level 3 of the Dungeon.
             The game lasted 00:03:03 (2468 turns).

zeratav the Sneak (Octopode Shapeshifter)           Turns: 2468, Time: 00:03:04

Health: -5/29      AC:  1    Str: 15    XL:     4   Next: 55%
Magic:  4/4        EV: 13    Int: 18    God:
Gold:   47         SH:  0    Dex: 11    Spells: 3/3 levels left

rFire   . .          .
                       - Unarmed
rCold   . . .        (no shield)
rNeg    . . .        (helmet currently unavailable)
rPois   .            (no amulet)
rElec   .            i - +6 ring of intelligence
rCorr   .            (no ring)
SInv    .            (no ring)
Will    .....        (no ring)
Stlth   ++++         (no ring)
HPRegen 0.24/turn    (no ring)
MPRegen 0.09/turn    (no ring)
                     (no ring)

%: no passive effects
@: beast-form
A: beast (slay +1), almost no armour, amphibious, 8 rings, camouflage 1,
gelatinous body 1, (nimble swimmer 1), tentacles
a: Begin Untransformation


You were on level 3 of the Dungeon.
You were a hulking beast.
You visited 1 branch of the dungeon, and saw 3 of its levels.

You collected 107 gold pieces.
You spent 60 gold pieces at shops.


Innate Abilities, Weirdness & Mutations

You are a hulking beast.
Your limbs bulge with bestial killing power. (Slay +1)
You cannot wear most types of armour.
You are amphibious.
You can wear up to eight rings at the same time.
Your skin changes colour to match your surroundings (Stealth+).
Your rubbery body absorbs attacks. (AC +1, EV +1)
((You are camouflaged when in or above water. (Stealth+)))
You have tentacles for arms and can constrict up to eight enemies at once.


   Skills:
 + Level 2.2 Fighting
 - Level 2.0 Dodging
 - Level 5.0 Stealth
 - Level 3.0 Unarmed Combat
 - Level 3.0 Shapeshifting


You had 3 spell levels left.
You didn't know any spells.
Your spell library contained the following spells:

 Spells                   Type           Power      Damage    Failure   Level
 Call Imp                 Summ           0%         N/A       32%         2
 Sublimation of Blood     Necr           0%         N/A       32%         2
 Summon Hydra             Summ           0%         N/A       100%        7

Inventory:

Jewellery
 i - a +6 ring of intelligence (left tentacle)
   (You found it on level 2 of the Dungeon)
Talismans
 b - a beast talisman
 c - a flux talisman
Scrolls
 f - a scroll of fog
 g - a scroll of enchant weapon
 k - a scroll of fear
 l - a scroll of vulnerability {unknown}
Potions
 a - a potion of lignification {!q}
 d - a potion of magic
 e - 2 potions of invisibility
 h - a potion of mutation {unknown}
 j - a potion of enlightenment {unknown}

Dungeon Overview and Level Annotations

Branches:
Dungeon (3/15) Zot: 15535

Altars:

Shops:
D:1 ?

Annotations:
D:3 1 runed translucent door, Crazy Yiuf

.. ##...# #.# +# ##.##
#g# .♣♣ #.# #.# ♣.♣
##'## ##># ♣.♣♣
##...## #..# ♣♣.♣
#.....## ##.## ♣.♣♣
#......## ##..# P..♣
#.......####...#####
.P.♣
#.......'..hgg......g.
...#
#.......####....####g#
..## #......## #....#
..# #.....## #....#
.## ##...## #..#.# .#
##'## #....# ## #.#
##.### # #.#########.#
# ####...........#


You could see 2 gnolls.


Message History

You tentacle-slap the orc but do no damage.
Your grab misses the orc. The orc hits you with a +0 club.
The orc closely misses you. The orc hits you with a +0 hand axe.
The orc barely misses you.
HP[-6]
You take 6 damage, and now have 16/29 hp.
MASSIVE DAMAGE!! (PAUSE)
The orc hits you with a +0 hand axe. The orc attacks as it pursues you!
The orc hits you with a +0 short sword of speed.
* * * LOW HITPOINT WARNING * * *
HP[-4]
You take 4 damage, and now have 12/29 hp.
The orc attacks as it pursues you! The orc closely misses you.
You closely miss the orc. Your grab misses the orc.
The orc hits you with a +0 hand axe!
* * * LOW HITPOINT WARNING * * *
HP[-7]
You take 7 damage, and now have 5/29 hp.
MASSIVE DAMAGE!! (PAUSE)
You tentacle-slap the orc. You grab the orc. You squeeze the orc.
You kill the orc!
You tentacle-slap the orc. Your grab misses the orc. You squeeze the orc.
You kill the orc!
HP[+1]
You tentacle-slap the orc. You grab the orc. You squeeze the orc.
You kill the orc!
Items here: ))) [[ ††.
You start resting.
HP[+23]
Your hp is fully restored (29).
Things that are here:
a +0 club {mace}; 3 boomerangs {throwing}; a +0 leather armour
There is a stone staircase leading up here.
As you open the door, it creaks loudly!
There is an open door here.
You open the door.
Found a stone staircase leading down.
There is an open door here.
You open the door.
There is an open door here.
There is an open door here.
l - a scroll labelled UTENUR FELAEJO
Found a stone staircase leading down.
You now have enough gold to buy a scroll of fog on D:1.
You can access your shopping list by pressing '$'.
You now have 47 gold pieces (gained 15).
A gnoll comes into view. It is wielding a +0 halberd.
A gnoll is nearby!
A gnoll comes into view. It is wielding a +0 halberd.
The gnoll shouts!
A gnoll comes into view. It is wielding a +0 spear.
The gnoll moves out of view.
There is a stone staircase leading down here.
The gnoll closely misses you.
You barely miss the gnoll. Your grab misses the gnoll.
The gnoll barely misses you.
You closely miss the gnoll. You grab the gnoll. You squeeze the gnoll!
You constrict the gnoll.
You kill the gnoll!
Training target 5.0 for Stealth reached!
Your Stealth skill increases to level 5!
You need to enable at least one skill for training.
Your Fighting skill increases to level 2!
Unknown command.
Unknown command.
You open the door.
There is an open door here.
You open the door.
There is an open door here.
Found a runed translucent door.
Unknown command.
Crazy Yiuf shouts!
Crazy Yiuf whimpers, "Papa noodlescoop bush!"
There is an open door here.
You open the door.
There is an open door here.
A gnoll comes into view. It is wielding a +0 club.
The gnoll shouts! x2; You hear a shout!
You barely miss the gnoll. You grab the gnoll. You tentacle-slap the gnoll.
You constrict the gnoll. The gnoll hits you with a +0 club.
HP[-5]
You take 5 damage, and now have 24/29 hp.
You tentacle-slap the gnoll. You squeeze the gnoll. You constrict the gnoll.
You kill the gnoll!
The gnoll closely misses you.
HP[+1]
The gnoll barely misses you. The gnoll hits you with a +0 spear.
You see here a +0 club {mace}.
HP[-4]
You take 4 damage, and now have 21/29 hp.
You tentacle-slap the gnoll. Your grab misses the gnoll. The gnoll misses you.
The gnoll hits you with a +0 spear.
HP[-5]
You take 5 damage, and now have 16/29 hp.
You closely miss the gnoll. You grab the gnoll.
You constrict the gnoll, but do no damage.
The gnoll hits you from afar with a +0 halberd!
* * * LOW HITPOINT WARNING * * *
The gnoll hits you with a +0 spear!
You die...

Skill      XL: |  1  2  3  4 |
---------------+-------------+-----
Stealth        | 2 4 5 |  5.0
Fighting       | 2 |  2.2
Dodging        | |  2.0
Unarmed Combat | |  3.0
Shapeshifting  | |  3.0

Action                     |  1- 3 |  4- 6 || total
---------------------------+-------+-------++-------
  Melee: Unarmed           |    79 |    19 ||    98
         Constrict         |    18 |     7 ||    25
         Tentacles         |     9 |     7 ||    16
         Punch             |     2 |     1 ||     3
    Use: Scroll            |     5 |       ||     5
   Stab: Sleeping          |    16 |     1 ||    17
 Armour: Skin              |    31 |    15 ||    46
  Dodge: Dodged            |    43 |    10 ||    53

Levels and vault maps discovered:
D:1:      nzn_arrival_depleted_hourglass, layout_basic,
          ebering_ecumenical_altar_webs, serial_shops, shop
D:2:      layout_basic, serial_co_window_serial, co_window_corner_a,
          co_window_of_opportunity_a, co_window_corner_a, co_window_paths_a,
          co_window_paths_b, co_window_corner_ca, co_window_2corner,
          co_window_broadway_c, co_window_unsneaky_path_c,
          co_window_of_opportunity_b, co_window_2corner, co_window_2corner,
          co_window_paths_d
D:3:      layout_loops_corners, mainiacjoe_overflow_boulevard,
          uniq_crazy_yiuf_cottage

Notes
Turn   | Place    | Note
-------+----------+-------------------------------------------
     0 | D:1      | zeratav the Octopode Shapeshifter began the quest for the
                  | Orb.
     0 | D:1      | Reached XP level 1. HP: 13/13 MP: 1/1
     0 | D:1      | magus.rc [v1.9.6]
   303 | D:1      | Found Meaxaptenga's Magic Scroll Emporium.
   308 | D:1      | Reached XP level 2. HP: 19/19 MP: 2/2
   311 | D:1      | Reached skill level 1 in Stealth
   319 | D:1      | Bought a scroll of identify for 20 gold pieces
   375 | D:1      | Reached skill level 2 in Stealth
   690 | D:1      | Found a faded altar of an unknown god.
   746 | D:2      | You pick up a book of Blood and begin reading...
   746 | D:2      | You add the spells Call Imp, Sublimation of Blood and
                  | Summon Hydra to your library.
   825 | D:2      | Reached XP level 3. HP: 24/24 MP: 3/3
   851 | D:2      | Reached skill level 3 in Stealth
  1370 | D:2      | Reached skill level 4 in Stealth
  1533 | D:1      | Bought a scroll of identify for 20 gold pieces
  1533 | D:1      | Bought a scroll of identify for 20 gold pieces
  1676 | D:2      | Reached XP level 4. HP: 26/29 MP: 4/4
  2084 | D:3      | HP: 5/29 [orc/+0 hand axe (7)]
  2342 | D:3      | Reached skill level 5 in Stealth
  2342 | D:3      | Reached skill level 2 in Fighting
  2411 | D:3      | Found a runed translucent door.
  2412 | D:3      | Noticed Crazy Yiuf
  2468 | D:3      | HP: 4/29 [gnoll/+0 halberd (12)]
  2468 | D:3      | Slain by a gnoll

Vanquished Creatures
  2 gnolls (D:3)
  An adder (D:2)
  A dart slug (D:1)
  A ribbon worm (D:2)
  4 orcs (D:3)
  4 endoplasms
  2 giant cockroaches
  6 goblins
  5 hobgoblins
  4 jackals (D:2)
  2 quokkas (D:1)
  3 ball pythons (D:1)
  5 bats
  2 frilled lizards (D:2)
  7 kobolds
  3 rats
52 creatures vanquished.

Table legend:
 A = Non-vault XP
 B = Vault XP
 C = Vault XP percentage of total XP
 D = Non-vault monster count
 E = Vault monster count
 F = Vault count percentage of total count
                 A         B        C        D         E       F
            +---------+---------+-------+---------+---------+-------
      Total |     128 |       0 |   0.0 |      52 |       0 |   0.0
            +---------+---------+-------+---------+---------+-------
        D:1 |      31 |       0 |   0.0 |      18 |       0 |   0.0
        D:2 |      53 |       0 |   0.0 |      26 |       0 |   0.0
        D:3 |      44 |       0 |   0.0 |       8 |       0 |   0.0
            +---------+---------+-------+---------+---------+-------

Skill      XL: |  1  2  3  4 |
---------------+-------------+-----
Stealth        | 2 4 5 |  5.0
Fighting       | 2 |  2.2
Dodging        | |  2.0
Unarmed Combat | |  3.0
Shapeshifting  | |  3.0

Action                     |  1- 3 |  4- 6 || total
---------------------------+-------+-------++-------
  Melee: Unarmed           |    79 |    19 ||    98
         Constrict         |    18 |     7 ||    25
         Tentacles         |     9 |     7 ||    16
         Punch             |     2 |     1 ||     3
    Use: Scroll            |     5 |       ||     5
   Stab: Sleeping          |    16 |     1 ||    17
 Armour: Skin              |    31 |    15 ||    46
  Dodge: Dodged            |    43 |    10 ||    53

Illustrated notes

Table legend:
 A = Kills in this place as a percentage of kills in the entire game.
 B = Kills by you in this place as a percentage of kills by you in the entire game.
 C = Kills by friends in this place as a percentage of kills by friends in the entire game.
 D = Other kills in this place as a percentage of other kills in the entire game.
 E = Experience gained in this place as a percentage of experience gained in the entire game.
 F = Experience gained in this place divided by the number of levels of this place that you have seen.
                   A       B       C       D       E      F
               +-------+-------+-------+-------+-------+----------------------
         Total | 100.0 | 100.0 |   N/A |   N/A | 100.0 |  42.7
       Dungeon | 100.0 | 100.0 |   N/A |   N/A | 100.0 |  42.7
               +-------+-------+-------+-------+-------+----------------------

Table legend: (Time is in decaauts)
 A = Elapsed time spent in this place.
 B = Non-inter-level travel time spent in this place.
 C = Inter-level travel time spent in this place.
 D = Time resting spent in this place.
 E = Time spent auto-exploring this place.
 F = Levels seen in this place.
 G = Mean time per level.
                   A        B        C        D        E       F      G
               +--------+--------+--------+--------+--------+-----+--------+
         Total |   2463 |   2319 |    144 |    143 |   1840 |   3 |  821.0 |
       Dungeon |   2463 |   2319 |    144 |    143 |   1840 |   3 |  821.0 |
               +--------+--------+--------+--------+--------+-----+--------+

Top non-repeatable levels by time:
     D:2: 1051 daAuts
     D:1: 762 daAuts
     D:3: 649 daAuts
